[Event "Titled Tuesday Blitz January 25 2022"]
[White "Poliannikov, Danila"]
[Black "Efimenko, Zahar"]
[WhiteFideId "30935245"]
[BlackFideId "14107201"]
[WhiteElo "2552"]
[BlackElo "2528"]
[Result "0-1"]
[Round "10"]
[TimeControl "180+1"]
[Date "2022.01.26"]
[WhiteClock "0:00:03"]
[BlackClock "0:00:17"]

1. Nf3 d6 2. d4 g6 3. b3 Bg7 4. Bb2 Bg4 5. e3 Nf6 6. h3 Bf5 7. Bd3 Bxd3 8. Qxd3 O-O 9. O-O Nbd7 10. c4 Re8 11. Rd1 e5 12. dxe5 dxe5 13. Qe2 e4 14. Ne5 Qe7 15. Nxd7 Nxd7 16. Bxg7 Kxg7 17. Nc3 Nc5 18. Rd4 c6 19. Rad1 a5 20. Qb2 Qe5 21. Na4 Nd3 22. Qc3 Qf6 23. Rd6 Qxc3 24. Nxc3 Nc5 25. Na4 Nxa4 26. bxa4 Re7 27. Rd8 Rxd8 28. Rxd8 Re5 29. Kf1 Rc5 30. Rd4 f5 31. Ke2 Kf6 32. Kd2 Ke7 33. h4 Re5 34. Kc3 h6 35. g3 Re6 36. Rd1 Rd6 37. Rd4 c5 38. Rxd6 Kxd6 39. Kd2 Ke5 40. Ke2 g5 41. hxg5 hxg5 42. Kf1 f4 43. gxf4+ gxf4 44. Kg2 Kf5 45. Kh3 Kg5 46. Kg2 Kg4 47. Kg1 Kf3 48. exf4 Kxf4 49. Kf1 Kf3 50. Ke1 e3 51. fxe3 Kxe3 52. Kd1 Kd3 0-1


[Site "https://www.chess.com"]

[Event "Titled Tuesday Blitz January 25 2022"]
[White "Postnikov, Daniil"]
[Black "Harshavardhan G B"]
[WhiteFideId "4166329"]
[BlackFideId "25059009"]
[WhiteElo "2261"]
[BlackElo "1831"]
[Result "1-0"]
[Round "10"]
[TimeControl "180+1"]
[Date "2022.01.26"]
[WhiteClock "0:00:02"]
[BlackClock "0:00:46"]

1. e4 e5 2. Nf3 Nc6 3. Nc3 Nf6 4. Bb5 Nd4 5. Bc4 c6 6. Nxe5 d5 7. exd5 cxd5 8. Be2 Bd6 9. Nf3 Nxf3+ 10. Bxf3 O-O 11. O-O d4 12. Ne2 Bg4 13. Ng3 Qd7 14. d3 h6 15. Ne4 Nxe4 16. Bxg4 f5 17. Bh3 Ng5 18. Bxg5 hxg5 19. g3 g4 20. Bg2 f4 21. Be4 Rae8 22. Qd2 Qe6 23. Rae1 Kh8 24. Bxb7 Qh6 25. Rxe8 Rxe8 26. Re1 Rf8 27. Bd5 Qh5 28. Bh1 Rf6 29. Qe2 Kh7 30. Qe4+ Kh6 31. Qe8 Qa5 32. Qh8+ Kg6 33. Be4+ Kf7 34. Bd5+ Kg6 35. Qe8+ Kh6 36. Bf7 Rxf7 37. Re6+ Rf6 38. Qh8+ Kg6 39. Qe8+ Kh6 40. Qh8+ Kg6 41. Qe8+ Kg5 42. h4+ gxh3 43. Rxf6 Kxf6 44. Qd8+ Ke6 45. Qxa5 1-0


[Site "https://www.chess.com"]

[Event "Titled Tuesday Blitz January 25 2022"]
[White "Potapova, Margarita"]
[Black "Sapunov, Evgeny"]
[WhiteFideId "14126869"]
[BlackFideId "4126661"]
[WhiteElo "2209"]
[BlackElo "2470"]
[Result "0-1"]
[Round "10"]
[TimeControl "180+1"]
[Date "2022.01.26"]
[WhiteClock "0:00:06"]
[BlackClock "0:00:28"]

1. d4 Nf6 2. c4 g6 3. Nc3 Bg7 4. e4 O-O 5. h3 d6 6. Be3 a6 7. f4 Nbd7 8. e5 Ne8 9. Nf3 c5 10. dxc5 dxe5 11. fxe5 Qa5 12. Be2 Nxe5 13. O-O Nc6 14. Nd5 Bf5 15. Qc1 Nf6 16. a3 e6 17. Nb6 Rad8 18. b4 Nxb4 19. axb4 Qxb4 20. Ra4 Qb3 21. Ra3 Qb4 22. Nd4 Ne4 23. Rb3 Qa5 24. Ra3 Qb4 25. Nc2 Qb2 26. Qxb2 Bxb2 27. Rb3 Be5 28. g4 Nd2 29. Bxd2 Bxc2 30. Re3 Bd4 31. Rc1 Bxc5 32. Rxc2 Rxd2 33. Rxd2 Bxe3+ 34. Kg2 Bxd2 35. Nd7 Rd8 36. Nf6+ Kg7 37. Ne4 Bb4 38. Bf3 Be7 39. c5 Rc8 40. Nc3 Rxc5 41. Ne2 Rc2 0-1


[Site "https://www.chess.com"]

[Event "Titled Tuesday Blitz January 25 2022"]
[White "Pourkashiyan, Atousa"]
[Black "Panesar Vedant"]
[WhiteFideId "12502014"]
[BlackFideId "35033018"]
[WhiteElo "2247"]
[BlackElo "1971"]
[Result "0-1"]
[Round "10"]
[TimeControl "180+1"]
[Date "2022.01.26"]
[WhiteClock "0:00:03"]
[BlackClock "0:00:10"]

1. e4 c6 2. d4 d5 3. Nd2 dxe4 4. Nxe4 Nf6 5. Nxf6+ exf6 6. c3 Bd6 7. Bc4 O-O 8. Ne2 Re8 9. O-O Nd7 10. Bf4 Nf8 11. Bxd6 Qxd6 12. Re1 Be6 13. Qb3 Bxc4 14. Qxc4 Re7 15. Ng3 Rae8 16. Rxe7 Qxe7 17. h3 Ng6 18. Nf5 Qd7 19. Ne3 Nf4 20. Rd1 Qd6 21. Qc5 Qb8 22. Qf5 Qd6 23. Nc4 Qc7 24. Ne3 Qd6 25. g3 Ng6 26. Qf3 b5 27. h4 a5 28. h5 Ne7 29. h6 g6 30. Ng4 Nd5 31. b3 f5 32. Ne5 b4 33. c4 Nc3 34. Rd3 c5 35. Qb7 Qe6 36. Re3 cxd4 37. Nxf7 dxe3 38. Ng5 exf2+ 39. Kh2 Qe7 40. Qf3 Qxg5 0-1


[Site "https://www.chess.com"]

[Event "Titled Tuesday Blitz January 25 2022"]
[White "Prieto Aranguren, Alain"]
[Black "Martinez Ramirez, Lennis"]
[WhiteFideId "2268906"]
[BlackFideId "3509079"]
[WhiteElo "2235"]
[BlackElo "2374"]
[Result "0-1"]
[Round "10"]
[TimeControl "180+1"]
[Date "2022.01.26"]
[WhiteClock "0:00:01"]
[BlackClock "0:00:49"]

1. d4 d5 2. c4 c6 3. Nf3 Nf6 4. Nc3 g6 5. cxd5 cxd5 6. e3 Bg7 7. Be2 O-O 8. O-O Ne4 9. Qb3 Nxc3 10. bxc3 Nc6 11. Ba3 Re8 12. Rab1 b6 13. Rfc1 Bb7 14. Qa4 e5 15. Bb5 Re6 16. dxe5 Nxe5 17. Nd4 Rf6 18. h3 a6 19. Be2 b5 20. Qd1 Nc4 21. Bb4 Rc8 22. a4 a5 23. Bxc4 axb4 24. Bxb5 bxc3 25. Qb3 Qa5 26. Rc2 Rb6 27. Rbc1 Bxd4 28. exd4 Ba6 29. Rxc3 Rxc3 30. Qxc3 Qxc3 31. Rxc3 Bxb5 32. Rb3 Kg7 33. axb5 Kf6 34. Kf1 Kf5 35. Ke2 Ke4 36. Rb4 g5 37. f3+ Kf4 38. Kf2 h5 39. g3+ Kf5 40. Ke3 h4 41. g4+ Ke6 42. f4 f5 43. fxg5 fxg4 44. hxg4 Kf7 45. Kf4 Kg6 46. Ke5 h3 47. Kxd5 h2 48. Rb1 Rxb5+ 49. Rxb5 h1=Q+ 50. Kc4 Qf1+ 51. Kc5 Kxg5 52. d5 Qc1+ 53. Kd6 Kxg4 54. Rc5 Qa3 55. Kc6 Kf5 56. d6+ Ke6 57. Kb5 Kxd6 58. Rc6+ Kd5 59. Rc7 Qb2+ 60. Ka6 Qe5 61. Rb7 Kc6 62. Rb6+ Kc7 63. Rb7+ Kc8 64. Rb5 Qa1+ 65. Kb6 Qg1+ 66. Rc5+ Kd7 67. Kb5 Kd6 68. Rc4 Kd5 69. Rb4 Qa7 0-1


[Site "https://www.chess.com"]

[Event "Titled Tuesday Blitz January 25 2022"]
[White "Przybylski, Wojciech"]
[Black "Maevsky, Nikolay"]
[WhiteFideId "1117599"]
[BlackFideId "4198220"]
[WhiteElo "2133"]
[BlackElo "2104"]
[Result "0-1"]
[Round "10"]
[TimeControl "180+1"]
[Date "2022.01.26"]
[WhiteClock "0:00:16"]
[BlackClock "0:00:07"]

1. e4 c5 2. Nf3 Nf6 3. e5 Nd5 4. Nc3 Nxc3 5. dxc3 Nc6 6. Bf4 Qc7 7. Qd2 e6 8. O-O-O h6 9. h4 a6 10. g4 b5 11. Bg2 Bb7 12. g5 hxg5 13. Nxg5 Be7 14. Qe3 b4 15. c4 Na5 16. Bxb7 Nxb7 17. Qf3 Rf8 18. Ne4 O-O-O 19. h5 Na5 20. b3 Nc6 21. Qe3 Nxe5 22. Qg3 d6 23. Bxe5 dxe5 24. Qxg7 f5 25. Ng3 e4 26. Kb1 Rg8 27. Qb2 e3 28. Rhg1 exf2 29. Rxd8+ Qxd8 30. Rf1 Rxg3 31. h6 Rg1 32. Qc1 Rxf1 33. Qxf1 Qh8 34. Qxf2 Qxh6 35. Qf3 Kd7 36. Qb7+ Ke8 37. Qa8+ Kf7 38. a3 bxa3 39. Ka2 Qd2 40. Qxa6 Qxc2+ 41. Kxa3 Qc1+ 42. Ka4 Qa1+ 43. Kb5 Qxa6+ 44. Kxa6 f4 45. Kb5 f3 46. Kc6 f2 47. Kd7 f1=Q 48. Kc6 Qd3 49. Kb5 Qxb3+ 50. Kc6 Qxc4 51. Kd7 Qd4+ 52. Kc7 c4 53. Kc6 c3 54. Kb5 c2 55. Ka5 c1=Q 56. Kb5 Qdb2+ 57. Ka6 Qca1# 0-1


[Site "https://www.chess.com"]

[Event "Titled Tuesday Blitz January 25 2022"]
[White "Punin, Andrii"]
[Black "Seemann, Jakub"]
[WhiteFideId "14112639"]
[BlackFideId "21874697"]
[WhiteElo "2357"]
[BlackElo "2003"]
[Result "1-0"]
[Round "10"]
[TimeControl "180+1"]
[Date "2022.01.26"]
[WhiteClock "0:00:09"]
[BlackClock "0:00:02"]

1. e4 c5 2. Be2 g6 3. f4 Bg7 4. Nf3 Nc6 5. c3 d6 6. O-O e6 7. d4 cxd4 8. cxd4 Qb6 9. Kh1 Nge7 10. Nc3 O-O 11. Na4 Qc7 12. Be3 d5 13. e5 b6 14. Rc1 Bd7 15. Bf2 h5 16. h3 Qb7 17. g4 hxg4 18. hxg4 f6 19. Bh4 g5 20. exf6 gxh4 21. fxg7 Rxf4 22. Qd2 Rxg4 23. Rg1 Rxg1+ 24. Rxg1 Nf5 25. Nxh4 Ncxd4 26. Bd3 e5 27. Bxf5 Nxf5 28. Qg5 d4+ 29. Kh2 Qe4 30. Ng6 Qe3 31. Qh5 Qh6 32. Ne7+ Kh7 33. Qxh6+ Nxh6 34. b3 Re8 35. Nd5 Ng8 36. Nb2 Bc6 37. Nb4 Be4 38. N4d3 Re6 39. Rg4 Rh6+ 40. Kg3 Bxd3 41. Nxd3 Rg6 42. Nxe5 Rxg4+ 43. Kxg4 Kxg7 44. Kf4 Nf6 45. Nf3 d3 46. Ke3 Kf7 47. Kxd3 Ke6 48. Kc4 Kd6 49. Nd4 Nd7 50. Nb5+ Kc6 51. Nxa7+ Kb7 52. Nb5 Kc6 53. Nd4+ Kb7 54. a4 Ka6 55. b4 Kb7 56. Nb5 Ne5+ 57. Kb3 Nc6 58. Nc3 Nd4+ 59. Kc4 Nc6 60. Ne4 Ne5+ 61. Kd5 Nd7 62. Nd6+ Kc7 63. Nb5+ Kb7 64. Nd4 Nb8 65. Kd6 Na6 66. Nc6 Nc7 67. Nd8+ Kc8 68. Ne6 1-0


[Site "https://www.chess.com"]

[Event "Titled Tuesday Blitz January 25 2022"]
[White "Renjith, Sravan"]
[Black "Vlassov, Nikolai"]
[WhiteFideId "4306783"]
[BlackFideId "4103360"]
[WhiteElo "1863"]
[BlackElo "2407"]
[Result "0-1"]
[Round "10"]
[TimeControl "180+1"]
[Date "2022.01.26"]
[WhiteClock "0:00:03"]
[BlackClock "0:00:03"]

1. d4 Nf6 2. Bf4 g6 3. e3 Bg7 4. Nf3 O-O 5. h3 d6 6. Nbd2 c5 7. c3 cxd4 8. exd4 Qb6 9. Nc4 Qc7 10. Be2 Nc6 11. O-O b5 12. Ne3 b4 13. cxb4 Nxb4 14. a3 Nbd5 15. Rc1 Qb7 16. Nxd5 Nxd5 17. Bh2 Qxb2 18. Bc4 Nb6 19. Bd3 Qxa3 20. Qe2 Nd5 21. Ra1 Qb4 22. Rfb1 Qc3 23. Be4 Be6 24. Rc1 Qb4 25. Rcb1 Qc3 26. Rc1 Qb3 27. Ng5 Nc3 28. Qf3 Nxe4 29. Qxe4 Bh6 30. Bf4 Qd5 31. Qe3 Bxg5 32. Bxg5 f6 33. Bh6 Rf7 34. Re1 Bd7 35. Bf4 Bc6 36. f3 a5 37. Bg3 a4 38. Ra3 e5 39. dxe5 dxe5 40. Rea1 Rd7 41. Bf2 Kf7 42. R3a2 Qe6 43. Ra3 Rd5 44. Qb6 Rd7 45. Qe3 Rad8 46. Kh2 Rd1 47. Qh6 Kg8 48. Qe3 Rxa1 49. Rxa1 Qd6 50. Qb6 Rb8 51. Qa6 Rd8 52. Qb6 f5 53. Bc5 Qd5 54. Re1 e4 55. fxe4 fxe4 56. Rxe4 Qxe4 57. Qxd8+ Kf7 58. Qf8+ Ke6 59. Qd6+ Kf7 60. Qc7+ Ke8 61. Qc8+ Kf7 62. Qf8+ Ke6 63. Qd6+ Kf7 64. Qc7+ Ke6 65. Qc8+ Kd5 66. Qf8 Qe5+ 67. Kg1 Kc4 68. Bd6 Qd4+ 69. Kh2 Qd5 70. Qf4+ Kb3 71. Be5 Qxg2# 0-1


[Site "https://www.chess.com"]

[Event "Titled Tuesday Blitz January 25 2022"]
[White "Risteski, Emil"]
[Black "Kucuksari, Kaan"]
[WhiteFideId "15005267"]
[BlackFideId "6380166"]
[WhiteElo "2070"]
[BlackElo "2305"]
[Result "0-1"]
[Round "10"]
[TimeControl "180+1"]
[Date "2022.01.26"]
[WhiteClock "0:00:06"]
[BlackClock "0:00:24"]

1. d4 f5 2. Nc3 d5 3. Bf4 Nf6 4. e3 e6 5. Nb5 Na6 6. c4 c6 7. Nc3 Bb4 8. Nf3 Ne4 9. Qc2 Qa5 10. Rc1 Qxa2 11. cxd5 exd5 12. Bd3 Bxc3+ 13. bxc3 Qxc2 14. Rxc2 Nb8 15. c4 Be6 16. c5 b5 17. cxb6 axb6 18. O-O c5 19. dxc5 bxc5 20. Bxe4 dxe4 21. Ng5 Ke7 22. Rxc5 Nd7 23. Rc7 Rhc8 24. Rxc8 Rxc8 25. Nxh7 Rc2 26. Ng5 Nc5 27. Nxe6 Kxe6 28. h4 Nd3 29. Bg3 Nc1 30. Kh2 Kd5 31. Rd1+ Nd3 32. Kg1 Rc1 33. Rxc1 Nxc1 34. Kf1 g6 35. Bf4 Kc4 36. Bg5 Nd3 37. Ke2 Nc1+ 38. Kd2 Nd3 39. f3 Ne5 40. Ke2 Nf7 41. Bf4 Kd5 42. g4 Nd8 43. gxf5 gxf5 44. h5 Ke6 45. Bg5 Nf7 46. f4 Nd6 47. h6 Kf7 48. Kd2 Nc4+ 49. Ke2 Kg6 50. Kf2 Nd2 51. Ke2 Nf3 52. Kf2 Nh2 53. Kg3 Ng4 54. Kg2 Nxe3+ 55. Kf2 Ng4+ 56. Ke2 Nxh6 57. Ke3 Nf7 58. Ke2 Nxg5 59. fxg5 Kxg5 0-1


[Site "https://www.chess.com"]

[Event "Titled Tuesday Blitz January 25 2022"]
[White "Rychagov, Andrey"]
[Black "Suarez Uriel, Adrian"]
[WhiteFideId "4119932"]
[BlackFideId "22230874"]
[WhiteElo "2500"]
[BlackElo "2316"]
[Result "1-0"]
[Round "10"]
[TimeControl "180+1"]
[Date "2022.01.26"]
[WhiteClock "0:01:23"]
[BlackClock "0:01:12"]

1. d4 Nf6 2. c4 g6 3. Nc3 d5 4. Nf3 Bg7 5. cxd5 Nxd5 6. Bg5 O-O 7. Rc1 Nc6 8. e3 Re8 9. Be2 Bg4 10. O-O Qd7 11. Qb3 Nb6 12. Rfd1 Rad8 13. a4 Na5 14. Qb4 Nc6 15. Qa3 a5 16. d5 Nb4 17. Bb5 Qf5 18. e4 Qc8 19. Bxe8 Bxf3 20. Bxf7+ Kxf7 21. gxf3 Qh3 22. Ne2 Bxb2 23. Qxb2 Qxf3 24. Ng3 h5 25. Rd2 Kg8 26. Rxc7 Rf8 27. Rxe7 Rf7 28. Re8+ Rf8 29. Rxf8+ Qxf8 30. Qf6 Qxf6 31. Bxf6 Nxa4 32. d6 1-0


[Site "https://www.chess.com"]

[Event "Titled Tuesday Blitz January 25 2022"]
[White "Sadovsky, Artem"]
[Black "Urazayev, Arystanbek"]
[WhiteFideId "4155840"]
[BlackFideId "13709810"]
[WhiteElo "2369"]
[BlackElo "2321"]
[Result "0-1"]
[Round "10"]
[TimeControl "180+1"]
[Date "2022.01.26"]
[WhiteClock "0:00:55"]
[BlackClock "0:02:05"]

1. Nf3 Nf6 2. e3 g6 3. b3 Bg7 4. Bb2 O-O 5. c4 b6 6. Be2 Bb7 7. O-O c5 8. d4 Ne4 9. Nc3 d6 10. Nxe4 Bxe4 11. Nd2 Bb7 12. Bf3 Qc7 13. Bxb7 Qxb7 14. Qf3 Qxf3 15. Nxf3 Nc6 16. Rfd1 cxd4 17. Nxd4 Rac8 18. Nxc6 Rxc6 19. Bxg7 Kxg7 20. Rd5 Rc5 21. Rad1 Rfc8 22. e4 f5 23. e5 dxe5 24. Rxc5 Rxc5 25. Rd7 b5 26. Rxe7+ Kf6 27. Rxa7 bxc4 28. bxc4 Rxc4 29. f4 Rxf4 30. Rxh7 Ra4 31. h4 Rxa2 32. h5 g5 33. h6 e4 34. Rb7 Ra8 35. h7 Rh8 36. Kf2 Kg6 37. Ke3 Rxh7 38. Rb6+ Kh5 39. Rb7 Rxb7 0-1


[Site "https://www.chess.com"]

[Event "Titled Tuesday Blitz January 25 2022"]
[White "Samunenkov, Ihor"]
[Black "Carlsson, Ludvig"]
[WhiteFideId "14187086"]
[BlackFideId "1727010"]
[WhiteElo "2406"]
[BlackElo "2178"]
[Result "1-0"]
[Round "10"]
[TimeControl "180+1"]
[Date "2022.01.26"]
[WhiteClock "0:00:07"]
[BlackClock "0:00:11"]

1. d4 Nf6 2. c4 e6 3. Nf3 d5 4. g3 Bb4+ 5. Bd2 Be7 6. Bg2 O-O 7. O-O Nbd7 8. Qc2 c6 9. Bf4 b6 10. Nbd2 Bb7 11. e4 dxc4 12. Nxc4 c5 13. Ng5 h6 14. e5 Bxg2 15. exf6 Nxf6 16. Nxf7 Rxf7 17. Kxg2 Qd5+ 18. Kg1 cxd4 19. Ne5 Rff8 20. Rad1 Bc5 21. a3 a5 22. Qg6 Qe4 23. b4 axb4 24. axb4 Be7 25. Qxe4 Nxe4 26. Rxd4 Nc3 27. Re1 Nd5 28. Ng6 Bxb4 29. Rxe6 Rf6 30. Rxf6 Nxf6 31. Rxb4 Nd5 32. Rb5 Ra1+ 33. Kg2 Rd1 34. Rxd5 1-0


[Site "https://www.chess.com"]

[Event "Titled Tuesday Blitz January 25 2022"]
[White "Sanal, Vahap"]
[Black "Srihari L R"]
[WhiteFideId "6300545"]
[BlackFideId "46617116"]
[WhiteElo "2603"]
[BlackElo "2121"]
[Result "1-0"]
[Round "10"]
[TimeControl "180+1"]
[Date "2022.01.26"]
[WhiteClock "0:01:30"]
[BlackClock "0:00:35"]

1. e4 c6 2. Nf3 d5 3. d3 dxe4 4. dxe4 Qxd1+ 5. Kxd1 g6 6. Ne5 Bg7 7. Nd3 Nf6 8. f3 Na6 9. Be3 Be6 10. Nd2 O-O 11. c3 Nd7 12. Kc2 Nc7 13. Nf4 Ne5 14. Nxe6 Nxe6 15. Nc4 b5 16. Nxe5 Bxe5 17. g3 f5 18. f4 Bc7 19. Bg2 fxe4 20. Bxe4 Rf6 21. Bxc6 Nd4+ 22. Bxd4 Rxc6 23. Rhe1 Kf7 24. a3 a5 25. Re4 Rc8 26. Rae1 Bd8 27. Kb3 b4 28. axb4 axb4 29. cxb4 Rc2 30. R1e2 Rc1 31. Bc3 h5 32. Re1 Rxe1 33. Rxe1 Bb6 34. Ra1 Rd8 35. b5 h4 36. gxh4 Rd5 37. Kc4 Rh5 38. Ra6 Bg1 39. b6 Bxh2 40. Be5 Rxh4 41. b7 Bxf4 42. Bxf4 Rxf4+ 43. Kb3 Rf3+ 44. Ka2 1-0


[Site "https://www.chess.com"]

[Event "Titled Tuesday Blitz January 25 2022"]
[White "Sarana, Alexey"]
[Black "Garcia Martin, Marta"]
[WhiteFideId "24133795"]
[BlackFideId "32084030"]
[WhiteElo "2665"]
[BlackElo "2102"]
[Result "1-0"]
[Round "10"]
[TimeControl "180+1"]
[Date "2022.01.26"]
[WhiteClock "0:00:03"]
[BlackClock "0:00:02"]

1. d4 b6 2. c4 Bb7 3. Nc3 e6 4. e4 Bb4 5. Bd3 f5 6. d5 fxe4 7. Bxe4 Nf6 8. Bf3 exd5 9. cxd5 Bxc3+ 10. bxc3 O-O 11. Ne2 Na6 12. O-O Nc5 13. c4 Nfe4 14. Nd4 Qf6 15. Be3 Rae8 16. Qc2 Qg6 17. Rae1 Bc8 18. Bxe4 Qxe4 19. Qxe4 Rxe4 20. f3 Ree8 21. Bf2 Ba6 22. Rc1 Nd3 23. Rc3 Nxf2 24. Kxf2 Rf4 25. Rd1 Ree4 26. Ra3 Bxc4 27. Nc2 Re2+ 28. Kg3 Rf6 29. Ne3 Bb5 30. h4 h6 31. Ng4 Rd6 32. Rxa7 h5 33. a4 Bc4 34. Rxc7 Bxd5 35. Nf2 Rg6+ 36. Kf4 Rxf2 37. Rxd5 Rfxg2 38. Rxh5 Rf6+ 39. Ke3 Re6+ 40. Kf4 Rf6+ 41. Rf5 Rxf5+ 42. Kxf5 Rf2 43. Kf4 Ra2 44. Rc4 Ra3 45. Rd4 Kh7 46. Kg4 Ra2 47. f4 d5 48. h5 Ra3 49. Kg5 Ra2 50. Kf5 Rh2 51. Ke6 Rxh5 52. f5 Kg8 53. Rxd5 Kh7 54. Rd4 g6 55. f6 g5 56. Kf7 g4 57. Rxg4 Rf5 58. Rh4+ 1-0


[Site "https://www.chess.com"]

[Event "Titled Tuesday Blitz January 25 2022"]
[White "Saravana, Krishnan P."]
[Black "Seo, Jung Min"]
[WhiteFideId "5018382"]
[BlackFideId "1734687"]
[WhiteElo "2210"]
[BlackElo "2401"]
[Result "0-1"]
[Round "10"]
[TimeControl "180+1"]
[Date "2022.01.26"]
[WhiteClock "0:00:06"]
[BlackClock "0:00:03"]

1. e4 e5 2. Nf3 Nc6 3. Bb5 a6 4. Ba4 d6 5. O-O Bd7 6. Re1 Nf6 7. c3 g6 8. d4 Bg7 9. Nbd2 O-O 10. Nf1 Re8 11. Ng3 b5 12. Bb3 Na5 13. Bc2 c5 14. h3 Qc7 15. dxe5 dxe5 16. Nh2 Rad8 17. Qf3 Qb6 18. h4 h5 19. Bg5 Rc8 20. Rad1 Rc7 21. b3 Ng4 22. Rd2 Nxh2 23. Kxh2 b4 24. cxb4 cxb4 25. Be3 Qb7 26. Qd1 Nc6 27. Bd3 Be6 28. Qe2 Ra8 29. Rc2 Nd4 30. Bxd4 exd4 31. Rec1 Rc3 32. e5 Qd5 33. Be4 Qd8 34. Bxa8 Qxa8 35. Rxc3 dxc3 36. Rd1 a5 37. Qd3 Bxe5 38. Qe3 Bf6 39. Ne4 Bxh4 40. Qf4 Be7 41. Nf6+ Kg7 42. Ne4 Qe8 43. Qe5+ Kh6 44. Qf4+ g5 45. Qe5 Qf8 46. Nf6 Qg7 47. Nd7 Qxe5+ 48. Nxe5 g4 49. g3 c2 50. Rc1 Bf5 51. Nc4 Bg5 52. Ne3 Be4 53. Kg1 f5 54. Kf1 Bd3+ 55. Ke1 Be4 56. Ke2 Kg6 57. Kd2 Bxe3+ 58. Kxe3 Kg5 59. Re1 h4 60. gxh4+ Kxh4 61. Kf4 Kh3 62. Rc1 Kg2 63. Ke3 g3 64. fxg3 Kxg3 65. Rf1 Kg2 66. Rc1 Kg3 67. Rg1+ Kh2 68. Rc1 Kg2 69. Re1 Bd5 70. Rc1 Be4 71. Re1 Kg3 72. Rg1+ Kh2 73. Kf2 Kh3 74. Rg3+ Kh4 75. Rg1 Kh5 76. Kg3 Kg5 77. Kf2+ Kf6 78. Ke3 Ke5 79. Rf1 f4+ 80. Ke2 Kd4 81. Kd2 f3 82. Rf2 Ke5 83. Rh2 Kf4 84. Rh4+ Kf5 85. Rh5+ Kg4 86. Re5 Kf4 87. Rh5 f2 88. Ke2 c1=Q 89. Rf5+ Bxf5 90. Kxf2 Qe3+ 91. Kf1 Bd3+ 92. Kg2 Be4+ 93. Kh2 Qf2+ 94. Kh3 Bf5# 0-1


[Site "https://www.chess.com"]

[Event "Titled Tuesday Blitz January 25 2022"]
[White "Sargsyan, Anna M."]
[Black "Ozates, Tuna"]
[WhiteFideId "13308130"]
[BlackFideId "6354521"]
[WhiteElo "2271"]
[BlackElo "1872"]
[Result "0-1"]
[Round "10"]
[TimeControl "180+1"]
[Date "2022.01.26"]
[WhiteClock "0:01:54"]
[BlackClock "0:01:40"]

1. d4 Nf6 2. c4 g6 3. g3 Bg7 4. Bg2 O-O 5. Nc3 d6 6. Nf3 Nc6 7. O-O a6 8. Qd3 e5 9. d5 Ne7 10. e4 Nd7 11. Qc2 a5 12. a3 h6 13. Ne1 f5 14. f4 exf4 15. Bxf4 g5 16. Be3 Ne5 17. b3 Ng4 18. Bc1 fxe4 19. Rxf8+ Qxf8 20. Bxe4 Bf5 21. Bxf5 Nxf5 22. Bb2 Bd4+ 23. Kh1 Nf2+ 24. Kg1 Ne4+ 25. Kh1 Nfxg3+ 26. hxg3 Qf1+ 27. Kh2 Qg1+ 0-1


[Site "https://www.chess.com"]

[Event "Titled Tuesday Blitz January 25 2022"]
[White "Senthil Maran K"]
[Black "Zhukova, Natalia"]
[WhiteFideId "25035681"]
[BlackFideId "14101513"]
[WhiteElo "2194"]
[BlackElo "2296"]
[Result "1-0"]
[Round "10"]
[TimeControl "180+1"]
[Date "2022.01.26"]
[WhiteClock "0:00:36"]
[BlackClock "0:00:07"]

1. d4 Nf6 2. Nf3 e6 3. Bg5 d5 4. Nbd2 Nbd7 5. e3 h6 6. Bh4 Bd6 7. Bd3 b6 8. e4 dxe4 9. Nxe4 Be7 10. O-O Bb7 11. Nxf6+ Bxf6 12. Bg3 c5 13. dxc5 Nxc5 14. Bb5+ Ke7 15. Qe2 Ne4 16. Rad1 Nxg3 17. hxg3 Qc8 18. Rd7+ Kf8 19. Ne5 Bxe5 20. Qxe5 a6 21. Qf4 Qe8 22. Rxb7 axb5 23. Rd1 g6 24. Rdd7 Rh7 25. a3 Kg8 26. Qd6 Qf8 27. Qxb6 h5 28. Qd6 Qh6 29. Qf4 Qf8 30. Rxb5 Qc8 31. Rbb7 Qxc2 32. Rxf7 1-0


[Site "https://www.chess.com"]

[Event "Titled Tuesday Blitz January 25 2022"]
[White "Seul, Georg"]
[Black "Goncalves, Davi Sulzbacher"]
[WhiteFideId "4601653"]
[BlackFideId "2154510"]
[WhiteElo "2271"]
[BlackElo "2107"]
[Result "1-0"]
[Round "10"]
[TimeControl "180+1"]
[Date "2022.01.26"]
[WhiteClock "0:01:17"]
[BlackClock "0:00:21"]

1. e4 c5 2. d3 Nc6 3. f4 d5 4. Be2 e5 5. Nf3 dxe4 6. dxe4 Qxd1+ 7. Bxd1 Bd6 8. f5 Nf6 9. Nbd2 Ke7 10. c3 b6 11. Bc2 Ba6 12. Nf1 h6 13. Ne3 Na5 14. b3 c4 15. b4 Nc6 16. a4 Bb7 17. Nxc4 Rac8 18. Nxd6 Kxd6 19. Ba3 Kc7 20. O-O-O Rhe8 21. Rhe1 a6 22. b5 Na5 23. Bd6+ Kd8 24. Nxe5 Rxe5 25. Bxe5+ Ke7 26. Bd6+ Ke8 27. Bb4 Nc4 28. bxa6 Bxa6 29. e5 Nd7 30. e6 Nc5 31. Bxc5 Rxc5 32. Bb3 Na5 33. exf7+ 1-0


[Site "https://www.chess.com"]

[Event "Titled Tuesday Blitz January 25 2022"]
[White "Shevchenko, Kirill"]
[Black "Sadhwani, Raunak"]
[WhiteFideId "14129574"]
[BlackFideId "35093487"]
[WhiteElo "2624"]
[BlackElo "2616"]
[Result "1-0"]
[Round "10"]
[TimeControl "180+1"]
[Date "2022.01.26"]
[WhiteClock "0:00:04"]
[BlackClock "0:00:04"]

1. e4 e5 2. d3 d5 3. exd5 Qxd5 4. Nc3 Qd6 5. g3 Nc6 6. Bg2 Nf6 7. Nf3 Bg4 8. h3 Bh5 9. g4 Bg6 10. Nh4 Qd7 11. O-O Be7 12. Re1 O-O 13. Bg5 Nd5 14. Bxe7 Ndxe7 15. Qd2 Rad8 16. Kh1 Qd6 17. Nb5 Qc5 18. Nc3 Nd4 19. Rac1 Ne6 20. Qe3 Qxe3 21. fxe3 c6 22. Ne4 f6 23. Rf1 Bf7 24. Ng3 a5 25. Nhf5 Nxf5 26. gxf5 Nc7 27. a3 a4 28. Rf2 Nd5 29. Re1 Kh8 30. Ne4 b6 31. Nc3 b5 32. Ne4 Rb8 33. Nc5 Rfd8 34. Be4 Ra8 35. Rg2 Ra7 36. Rg3 Bg8 37. Ra1 Rb8 38. c3 Rd8 39. Kg1 Rd6 40. Kf2 Nb6 41. Rag1 Re7 42. h4 h6 43. R3g2 Bd5 44. Kf3 Bb3 45. Rd2 Nd7 46. Nb7 Rd5 47. Bxd5 cxd5 48. Kf2 Re8 49. Na5 Nc5 50. Nxb3 axb3 51. Rgd1 e4 52. d4 Na4 53. Rg1 Nb6 54. Re2 Nc4 55. Ke1 Nd6 56. Rf2 Nc4 57. Rg3 Re7 58. h5 Kh7 59. Re2 Rc7 60. Kf2 Nd6 61. Rg1 Nxf5 62. Ra1 Ra7 63. Ke1 Nd6 64. Rf2 Nc4 65. Re2 Rf7 66. Kf2 f5 67. a4 Ra7 68. a5 Ra6 69. Kg3 g6 70. hxg6+ Kxg6 71. Kf4 h5 72. Rh2 h4 73. Rxh4 Nxb2 74. Rg1+ Kf7 75. Rh7+ Kf8 76. Rgg7 Nc4 77. Rb7 Kg8 78. Rhg7+ Kh8 79. Rh7+ Kg8 80. Rhe7 Rf6 81. Rb8+ Rf8 82. Rxb5 b2 83. a6 Ra8 84. a7 Kf8 85. Rh7 Kg8 86. Rd7 Kf8 87. Rb8+ 1-0


[Site "https://www.chess.com"]

[Event "Titled Tuesday Blitz January 25 2022"]
[White "Shipov, Sergei"]
[Black "Atakhan, Abtin"]
[WhiteFideId "4113624"]
[BlackFideId "22502203"]
[WhiteElo "2764"]
[BlackElo "2119"]
[Result "1-0"]
[Round "10"]
[TimeControl "180+1"]
[Date "2022.01.26"]
[WhiteClock "0:00:48"]
[BlackClock "0:00:21"]

1. d4 d5 2. c4 c6 3. Nc3 Nf6 4. Nf3 a6 5. h3 e6 6. e3 Nbd7 7. Qc2 dxc4 8. a4 c5 9. Bxc4 cxd4 10. exd4 Nb6 11. Bb3 Be7 12. O-O O-O 13. Re1 Bd7 14. a5 Nbd5 15. Nxd5 Nxd5 16. Bxd5 exd5 17. Bd2 Bf6 18. Qb3 Bb5 19. Bb4 Bc4 20. Qe3 Re8 21. Qf4 Qd7 22. g4 h6 23. h4 Re4 24. Rxe4 dxe4 25. Qxe4 Bd5 26. Qf4 Re8 27. Ne5 Bxe5 28. dxe5 Bc6 29. Kh2 Qd5 30. Rg1 Rxe5 31. Bc3 Re2 32. h5 Re4 33. Qg3 Ra4 34. g5 Qf5 35. Qb8+ Kh7 36. g6+ fxg6 37. hxg6+ 1-0


[Site "https://www.chess.com"]

[Event "Titled Tuesday Blitz January 25 2022"]
[White "Sjugirov, Sanan"]
[Black "Jobava, Baadur"]
[WhiteFideId "4189302"]
[BlackFideId "13601520"]
[WhiteElo "2602"]
[BlackElo "2617"]
[Result "1-0"]
[Round "10"]
[TimeControl "180+1"]
[Date "2022.01.26"]
[WhiteClock "0:01:52"]
[BlackClock "0:00:45"]

1. e4 c6 2. Nf3 d5 3. d3 Bg4 4. h3 Bxf3 5. Qxf3 e6 6. g3 Nd7 7. Bg2 g6 8. O-O h5 9. Qe2 dxe4 10. dxe4 h4 11. g4 e5 12. Nd2 Bh6 13. Nc4 Qe7 14. Bxh6 Nxh6 15. Rad1 O-O 16. Qd2 b5 17. Na5 Nc5 18. Qxh6 Qc7 19. Nb3 Ne6 20. Qxh4 Nf4 21. Nc1 Kg7 22. Qg3 Rh8 23. Rfe1 g5 24. Nd3 Ng6 25. Qe3 Qe7 26. Nc1 Qf6 27. Ne2 a5 28. Ng3 Nf4 29. Nf5+ Kg6 30. Rd6 Ne6 1-0


[Site "https://www.chess.com"]